 Dungeon Crawl Stone Soup version 0.22-a0-750-ga7dcef7 (webtiles) character file.

630 tilp the Chiller (level 7, 0/54 HPs)
             Began as a Merfolk Ice Elementalist on July 15, 2018.
             Was an Initiate of Makhleb.
             Slain by Grinder (5 damage)
             ... while paralysed by Grinder
             ... on level 5 of the Dungeon.
             The game lasted 00:15:23 (7454 turns).

tilp the Chiller (Merfolk Ice Elementalist)         Turns: 7454, Time: 00:15:23

Health: 0/54       AC:  2    Str:  8    XL:     7   Next: 48%
Magic:  0/10       EV:  2    Int: 17    God:    Makhleb [......]
Gold:   255        SH:  0    Dex: 14    Spells: 4/10 levels left

rFire    . . .     SeeInvis .   n - +0 spear
rCold    . . .     Gourm    .   (no shield)
rNeg     . . .     Faith    .   a - +0 robe
rPois    .         Spirit   .   (no helmet)
rElec    .         Reflect  .   (no cloak)
rCorr    .         Harm     .   (no gloves)
MR       .....                  (no boots)
Stlth    ++........             (no amulet)
HPRegen  0.18/turn              (no ring)
MPRegen  0.12/turn              (no ring)

@: paralysed
A: change form in water, swift swim, stealthy swim
a: Renounce Religion


You were on level 5 of the Dungeon.
You worshipped Makhleb.
Makhleb was noncommittal.
You were very hungry.

You visited 1 branch of the dungeon, and saw 5 of its levels.

You collected 255 gold pieces.

Inventory:

Hand Weapons
 e - a +1 halberd
 n - a +0 spear (weapon)
Missiles
 d - 166 stones (quivered)
Armour
 a - a +0 robe (worn)
Wands
 i - a wand of random effects (26)
Scrolls
 b - 3 scrolls of teleportation
 g - 2 scrolls of fear
 k - a scroll of magic mapping
 m - a scroll of amnesia
 o - 5 scrolls of identify
 q - a scroll of enchant weapon
Potions
 f - 3 potions of curing
 h - 3 potions of heal wounds
 j - a potion of lignification
 p - a potion of berserk rage {unknown}
 r - 2 potions of cancellation {unknown}
Comestibles
 c - 10 rations


   Skills:
 - Level 4.1 Fighting
 + Level 4.2 Polearms
 * Level 3.6 Dodging
 - Level 2.1 Stealth
 - Level 2.0 Spellcasting
 - Level 0.7 Conjurations
 - Level 7.0 Ice Magic


You had 4 spell levels left.
You knew the following spells:

 Your Spells              Type           Power        Failure   Level  Hunger
a - Freeze                Ice            ####         1%          1    #......
b - Throw Frost           Conj/Ice       ##....       6%          2    ###....
c - Ozocubu's Armour      Chrm/Ice       ##......     14%         3    ###....

Your spell library contained the following spells:

 Spells                   Type           Power        Failure   Level  Hunger
 Summon Ice Beast         Ice/Summ       ##......     41%         4    #####..
 Throw Icicle             Conj/Ice       ##......     36%         4    #####..


Dungeon Overview and Level Annotations

Branches:
Dungeon (5/15)
 Temple: D:4-7

Altars:
Elyvilon
Makhleb
Vehumet
Yredelemnul
Zin
The Shining One

Annotations:
D:3 Sigmund
D:5 Grinder


Message History

Grinder is lightly wounded.
Grinder hits you.
Casting: Freeze (safe; 1% risk of failure)
Confirm with . or Enter, or press ? or * to list all spells.
Aiming: Freeze (safe; 1% risk of failure)
Press: ? - help, Shift-Dir - straight line, f/p - Grinder
Aim: Grinder (lightly wounded)
You freeze Grinder.
Grinder resists.
Grinder is lightly wounded.
Grinder gestures at you.
You suddenly lose the ability to move!
Grinder hits you!
You writhe in agony.
Grinder grins, showing sharp teeth.
Grinder hits you!
You writhe in agony.
* * * LOW HITPOINT WARNING * * *
Grinder barely misses you. Grinder hits you.
* * * LOW HITPOINT WARNING * * *
You writhe in agony.
You die...

#.######.####.....
#..5...#.# #.....
######.#.####.....
#....5.#....#.....
#.#########.#.....
#.# #.....#.#...#.
#.# #.###.#.#5..#.
#.# #.###...#...#.
#@# #...#####...#.
#5# ###.###...###.
#.# #.#...### #.
#)# #.#.#.#####.
#<# #.#......##.
### #.#.........
#...#.##...#
####.#.####.#
#....#.# #.#


You could see Grinder.

Vanquished Creatures
  2 ogres
  A howler monkey (D:5)
  A crimson imp (D:5)
  An orc priest (D:4)
  A gnoll shaman (D:3)
  5 worker ants
  An iguana (D:4)
  5 gnolls
  5 adders
  3 oozes
  An adder skeleton (D:4)
  2 worms
  2 dart slugs
  7 leopard geckos
  5 orcs
  5 bats
  3 giant cockroaches
  5 goblins
  5 hobgoblins
  2 jackals (D:2)
  A quokka (D:3)
  A ball python (D:3)
  3 frilled lizards
  8 kobolds
  5 rats
80 creatures vanquished.

Notes
Turn   | Place    | Note
-------+----------+-------------------------------------------
     0 | D:1      | tilp the Merfolk Ice Elementalist began the quest for the Orb.
     0 | D:1      | Reached XP level 1. HP: 13/13 MP: 3/3
   679 | D:1      | Reached skill level 4 in Ice Magic
   679 | D:1      | Reached XP level 2. HP: 14/19 MP: 0/5
   683 | D:1      | Learned a level 2 spell: Throw Frost
  1069 | D:2      | Reached XP level 3. HP: 22/24 MP: 1/6
  1502 | D:2      | Found a radiant altar of Vehumet.
  1979 | D:2      | Reached skill level 5 in Ice Magic
  2279 | D:2      | Reached XP level 4. HP: 29/30 MP: 4/7
  2750 | D:1      | Learned a level 3 spell: Ozocubu's Armour
  3707 | D:3      | Reached skill level 6 in Ice Magic
  3707 | D:3      | Reached XP level 5. HP: 32/35 MP: 0/8
  3990 | D:3      | Noticed an ogre
  4038 | D:3      | Killed an ogre
  4137 | D:3      | Noticed Sigmund
  4299 | D:3      | Reached skill level 7 in Ice Magic
  4508 | D:3      | Found a basalt altar of Yredelemnul.
  4549 | D:3      | Reached XP level 6. HP: 38/42 MP: 4/9
  4597 | D:3      | Found a burning altar of Makhleb.
  4602 | D:3      | Became a worshipper of Makhleb the Destroyer
  5104 | D:4      | Reached skill level 1 in Fighting
  5104 | D:4      | Reached skill level 1 in Polearms
  6578 | D:4      | Found a white marble altar of Elyvilon.
  6578 | D:4      | Found a glowing golden altar of the Shining One.
  6579 | D:4      | Found a glowing silver altar of Zin.
  6789 | D:5      | Entered Level 5 of the Dungeon
  6901 | D:5      | Reached XP level 7. HP: 26/53 MP: 1/10
  7340 | D:5      | Noticed Grinder
  7444 | D:5      | Paralysed by Grinder for 3 turns
  7450 | D:5      | Paralysed by Grinder for 7 turns
  7454 | D:5      | Slain by Grinder

Vault maps used:
D:1:      erik_arrival_triangle_small
D:2:      kennysheep_big_flooded_room, nicolae_overflow_hidden_temple
D:3:      lemuel_doored_altar, marbit_many_paths, st_stairs_9, uniq_sigmund
D:4:      good_gods_temple_1, first_ration, serial_bayou_pond_e
D:5:      wad_floor_pattern_2, ashenzari_altar_1, uniq_grinder

Skill      XL: |  1  2  3  4  5  6  7 |
---------------+----------------------+-----
Ice Magic      | 4 5 6 7 |  7.0
Fighting       | 3 4 |  4.1
Polearms       | 3 4 |  4.2
Dodging        | 3 |  3.6
Stealth        | |  2.1
Spellcasting   | |  2.0
Conjurations   | |  0.7

Action                   |  1- 3 |  4- 6 |  7- 9 || total
-------------------------+-------+-------+-------++-------
Melee: Dagger            |    11 |       |       ||    11
       Short sword       |       |    17 |       ||    17
       Spear             |       |       |     5 ||     5
Throw: Stone             |     2 |     5 |       ||     7
 Cast: Freeze            |    46 |    90 |    19 ||   155
       Throw Frost       |       |     5 |     7 ||    12
       Ozocubu's Armour  |       |     5 |       ||     5
  Use: Scroll            |     5 |     6 |     1 ||    12
 Stab: Sleeping          |     2 |     1 |       ||     3
  Eat: Chunk             |     4 |    12 |       ||    16
       Ration            |       |     2 |       ||     2
Armor: Robe              |     7 |     5 |     1 ||    13
Dodge: Dodged            |    49 |    70 |    13 ||   132

Table legend:
 A = Spawn XP
 B = Non-spawn XP
 C = Spawn XP percentage of total XP
 D = Spawn monster count
 E = Non-spawn monster count
 F = Spawn count percentage of total count
 G = Total turns spent on level
                    A         B        C        D         E        F      G
               +---------+---------+-------+---------+---------+-------+---------
         Total |       0 |     900 |   0.0 |       0 |      80 |   0.0 |  7454
               +---------+---------+-------+---------+---------+-------+---------
           D:1 |       0 |      30 |   0.0 |       0 |       7 |   0.0 |  1387
           D:2 |       0 |      77 |   0.0 |       0 |      23 |   0.0 |  1644
           D:3 |       0 |     278 |   0.0 |       0 |      31 |   0.0 |  2301
           D:4 |       0 |     175 |   0.0 |       0 |      11 |   0.0 |  1457
           D:5 |       0 |     340 |   0.0 |       0 |       8 |   0.0 |   665
               +---------+---------+-------+---------+---------+-------+---------
